 Dungeon Crawl Stone Soup version 0.19.4-8-ga85b6b9 (webtiles) character file.

300 Siegfriedson the Conjurer (level 6, -3/34 HPs)
             Began as a Deep Elf Conjurer on Feb 7, 2017.
             Slain by a sky beast (6 damage)
             ... on level 3 of the Dungeon on Feb 8, 2017.
             The game lasted 00:52:49 (5393 turns).

Siegfriedson the Conjurer (Deep Elf Conjurer)       Turns: 5393, Time: 00:52:50

Health: -3/34      AC:  3    Str:  5    XL:     6   Next: 13%
Magic:  15/15      EV: 13    Int: 22    God:
Gold:   198        SH:  0    Dex: 15    Spells: 4 memorised, 3 levels left

rFire  + . .     SeeInvis .     a - +2 dagger (drain)
rCold  . . .     Gourm    .     y - +0 robe {rN+}
rNeg   + . .     Faith    .     (no shield)
rPois  .         Spirit   .     (no helmet)
rElec  .         Reflect  .     h - +0 cloak
rCorr  .         Harm     .     (no gloves)
MR     .....                    (no boots)
Stlth  ++........               (no amulet)
                                (no ring)
                                d - ring of protection from fire

@: very slightly contaminated, hasted, very quick
A: no striking features
a: no special abilities


You were on level 3 of the Dungeon.
You were hungry.

You visited 1 branch of the dungeon, and saw 4 of its levels.

You collected 198 gold pieces.

Inventory:

Hand Weapons
 a - a +2 dagger of draining (weapon)
 b - a +0 hunting sling
Missiles
 f - 118 stones (quivered)
Armour
 h - a +0 cloak (worn)
 y - a +0 robe of positive energy (worn)
Jewellery
 d - a ring of protection from fire (left hand)
Scrolls
 g - a scroll of fog {unknown}
 o - a scroll of immolation {unknown}
 q - a scroll of identify
 s - a scroll of enchant weapon {unknown}
 x - a scroll of magic mapping
Potions
 i - a potion of magic
 j - a potion of invisibility
 l - a potion of ambrosia {unknown}
 m - a potion of might {unknown}
 p - a potion of agility {unknown}
 r - 3 potions of curing
 t - a potion of degeneration {unknown}
Books
 u - a book of Conjurations

   Spells                             Type                      Level
   a - Magic Dart                     Conjuration                  1
   b - Searing Ray                    Conjuration                  2
   c - Dazzling Spray                 Conjuration/Hexes            3
   d - Fulminant Prism                Conjuration/Hexes            4
   e - Iskenderun's Mystic Blast      Conjuration                  4
   f - Iskenderun's Battlesphere      Conjuration/Charms           5
Comestibles
 c - 4 bread rations
 w - a meat ration


   Skills:
 - Level 1.0 Fighting
 - Level 3.0 Dodging
 - Level 2.4 Stealth
 - Level 5.0 Spellcasting
 - Level 6.1 Conjurations
 + Level 3.9 Charms


You had 3 spell levels left.
You knew the following spells:

 Your Spells              Type           Power        Failure   Level  Hunger
a - Magic Dart            Conj           ####         1%          1    None
b - Searing Ray           Conj           ####..       1%          2    None
c - Iskenderun's Mystic   Conj           ####....     12%         4    ####...
d - Iskenderun's Battles  Conj/Chrm      ####....     38%         5    #####..


Dungeon Overview and Level Annotations

Branches:
Dungeon (4/15)
 Temple: D:4-7

Altars:

Annotations:
D:3 exclusion: downstairs
D:4 Blork the orc


Message History

You miss something. Something hits you. Something shocks you.
* * * LOW HITPOINT WARNING * * *
You feel better. Something hits you. Something shocks you.
Okay, then.
It was a potion of magic.
Magic courses through your body. Something hits you but does no damage.
You miss something. Something hits you.
* * * LOW HITPOINT WARNING * * *
Something shocks you.
* * * LOW HITPOINT WARNING * * *
Casting: Magic Dart
Confirm with . or Enter, or press ? or * to list all spells.
Okay, then.
Okay, then.
Okay, then.
Okay, then.
It was a potion of haste.
You feel yourself speed up. Something hits you.
* * * LOW HITPOINT WARNING * * *
Something shocks you.
You die...

## .# .# .# ##### .#
##@..## .# ##.....#######
.# #.......##.>.# <#
#............#
.#############........#.###
........)...รท........##.#
.##############.....###.#
## ##.......#..# .#
##..........##


There were no monsters in sight!

Vanquished Creatures
  A hound (D:4)
  2 orc wizards (D:3)
  A worker ant (D:4)
  2 gnolls (D:3)
  7 adders
  An adder skeleton (D:3)
  A worm (D:2)
  2 dart slugs (D:2)
  5 orcs (D:3)
  A ball python (D:3)
  4 giant cockroaches
  10 goblins
  13 hobgoblins
  8 jackals
  18 kobolds
  A quokka (D:2)
  5 bats
  9 frilled lizards
  8 rats
99 creatures vanquished.

Notes
Turn   | Place    | Note
-------+----------+-------------------------------------------
     0 | D:1      | Siegfriedson the Deep Elf Conjurer began the quest for the Orb.
     0 | D:1      | Reached XP level 1. HP: 10/10 MP: 6/6
   399 | D:1      | Reached XP level 2. HP: 15/15 MP: 5/8
   415 | D:1      | Learned a level 2 spell: Searing Ray
   962 | D:1      | Reached XP level 3. HP: 15/19 MP: 8/10
  1737 | D:2      | Reached skill level 5 in Conjurations
  2334 | D:2      | Reached XP level 4. HP: 18/24 MP: 7/12
  3002 | D:3      | Learned a level 4 spell: Iskenderun's Mystic Blast
  3310 | D:3      | Reached skill level 1 in Fighting
  3443 | D:3      | Reached XP level 5. HP: 28/29 MP: 11/13
  3464 | D:3      | Learned a level 5 spell: Iskenderun's Battlesphere
  4150 | D:3      | Reached skill level 5 in Spellcasting
  4150 | D:3      | Reached skill level 6 in Conjurations
  4334 | D:3      | Reached skill level 1 in Charms
  5128 | D:4      | Noticed a sky beast
  5201 | D:4      | Reached XP level 6. HP: 28/34 MP: 12/15
  5203 | D:4      | Noticed Blork the orc
  5393 | D:3      | Slain by a sky beast

Skill      XL: |  1  2  3  4  5 |
---------------+----------------+-----
Dodging        | 3 |  3.0
Spellcasting   | 4 5 |  5.0
Conjurations   | 5 6 |  6.1
Fighting       | 1 |  1.0
Charms         | 3 |  3.9
Stealth        | |  2.4

Action                   |  1- 3 |  4- 6 || total
-------------------------+-------+-------++-------
Melee: Mace              |    89 |    36 ||   125
       Dagger            |       |    61 ||    61
Throw: Stone             |    11 |    13 ||    24
 Cast: Magic Dart        |    40 |    43 ||    83
       Searing Ray       |     4 |    36 ||    40
       Iskenderun's Myst |       |    10 ||    10
  Use: Scroll            |       |     5 ||     5
       Potion            |       |     4 ||     4
 Stab: Sleeping          |     1 |       ||     1
       Distracted        |       |     1 ||     1
  Eat: Chunk             |     4 |    10 ||    14
       Beef jerky        |       |     1 ||     1
Armor: Robe              |    19 |    29 ||    48
Dodge: Dodged            |    78 |    72 ||   150
